 Dungeon Crawl Stone Soup version 0.22.0 (webtiles) character file.

35 RedPan the Chopper (level 3, -5/46 HPs)
             Began as a Minotaur Berserker on Aug 10, 2018.
             Was a Follower of Trog.
             Slain by Sigmund
             ... wielding a +0 scythe
              (11 damage)
             ... on level 2 of the Dungeon.
             The game lasted 00:01:29 (1043 turns).

RedPan the Chopper (Minotaur Berserker)             Turns: 1043, Time: 00:01:30

Health: -5/46      AC:  9    Str: 27    XL:     3   Next: 16%
Magic:  2/2        EV: 11    Int:  4    God:    Trog [*.....]
Gold:   97         SH:  0    Dex:  9    Spells: 2/2 levels left

rFire    . . .     SeeInvis .   a - +0 hand axe
rCold    . . .     Gourm    +   (no shield)
rNeg     . . .     Faith    .   n - +0 ring mail
rPois    .         Spirit   .   (helmet restricted)
rElec    .         Reflect  .   l - +2 cloak
rCorr    .         Harm     .   i - +0 pair of gloves
MR       .....                  (no boots)
Stlth    ..........             f - amulet of the gourmand
HPRegen  0.15/turn              (no ring)
MPRegen  0.08/turn              (no ring)

@: berserking, very quick
A: retaliatory headbutt, horns 2
a: Berserk, Renounce Religion


You were on level 2 of the Dungeon.
You worshipped Trog.
Trog was aware of your devotion.
You were very hungry.

You visited 1 branch of the dungeon, and saw 2 of its levels.

You collected 97 gold pieces.

Inventory:

Hand Weapons
 a - a +0 hand axe (weapon)
Armour
 i - a +0 pair of gloves (worn)
 l - a +2 cloak (worn)
 n - a +0 ring mail (worn)
Jewellery
 f - an amulet of the gourmand (around neck)
Scrolls
 g - a scroll of remove curse {unknown}
 h - 2 scrolls of identify {unknown}
 j - a scroll of magic mapping {unknown}
 k - a scroll of enchant weapon {unknown}
 o - a scroll of enchant armour {unknown}
Potions
 b - a potion of brilliance {unknown}
 d - a potion of lignification {unknown}
 e - a potion of might {unknown}
 m - 3 potions of heal wounds {unknown}
Comestibles
 c - 3 rations


   Skills:
 - Level 3.6 Fighting
 + Level 5.2 Axes
 - Level 2.4 Armour
 - Level 2.1 Dodging


You had 2 spell levels left.
You didn't know any spells.
Your spell library was empty.

Dungeon Overview and Level Annotations

Branches:
Dungeon (2/15)

Altars:

Annotations:
D:2 Sigmund


Innate Abilities, Weirdness & Mutations

You reflexively headbutt those who attack you in melee.
You have a pair of horns on your head.


Message History

You are too injured to fight recklessly!
You are too injured to fight recklessly!
You are too injured to fight recklessly!
You are too injured to fight recklessly!
You are too injured to fight recklessly!
You are too injured to fight recklessly!
You are too injured to fight recklessly!
Unknown command.
Okay, then.
A red film seems to cover your vision as you go berserk!
You feel yourself moving faster!
You feel mighty!
You are feeling very hungry.
Something hits you.
You feel a strong urge to attack something.
You closely miss something. You completely miss something. Something hits you!
* * * LOW HITPOINT WARNING * * *
You barely miss something. Your headbutt misses something.
You barely miss something. Something hits you!
You die...

#......#
...#
#....##.#
... #..##.
#.## ##..#
#.# #.
#..###...#
#. #.
##..##...
##..#.#
##...#
##..##
##@.# #{.#
#....
..#...#
###.....
.!###. ..#
.#


There were no monsters in sight!

Vanquished Creatures
  An ooze (D:1)
  2 leopard geckos
  A ball python (D:2)
  3 giant cockroaches (D:1)
  3 goblins
  3 hobgoblins
  2 jackals (D:1)
  3 bats (D:1)
  A frilled lizard (D:1)
  4 kobolds (D:1)
  3 rats (D:1)
26 creatures vanquished.

Notes
Turn   | Place    | Note
-------+----------+-------------------------------------------
     0 | D:1      | RedPan the Minotaur Berserker began the quest for the Orb.
     0 | D:1      | Reached XP level 1. HP: 19/19 MP: 0/0
    60 | D:1      | Reached skill level 4 in Axes
   206 | D:1      | Reached XP level 2. HP: 26/26 MP: 1/1
   736 | D:1      | Reached skill level 5 in Axes
   902 | D:1      | Reached XP level 3. HP: 31/31 MP: 2/2
  1030 | D:2      | Noticed Sigmund
  1043 | D:2      | Slain by Sigmund

Skill      XL: |  1  2 |
---------------+-------+-----
Axes           | 4 5 |  5.2
Fighting       | |  3.6
Armour         | |  2.4
Dodging        | |  2.1

Action                   || total
-------------------------++-------
Melee: Hand axe          ||    53
       Headbutt          ||     9
Invok: Berserk           ||     1
Armor: Animal skin       ||    13
       Ring mail         ||    12
Dodge: Dodged            ||    33
